 Dungeon Crawl Stone Soup version 0.25-a0-890-g62861fb (webtiles) character file.

Game seed: 7898608318334953929, levelgen mode: deterministic

154 Faca the Skirmisher (level 5, -3/48 HPs)
             Began as a Draconian Berserker on May 11, 2020.
             Was a Believer of Trog.
             Slain by a gnoll
             ... wielding a +0 spear
              (7 damage)
             ... on level 3 of the Dungeon.
             The game lasted 00:04:46 (1937 turns).

Faca the Skirmisher (Draconian Berserker)           Turns: 1937, Time: 00:04:47

Health: -3/48      AC:  7    Str: 21    XL:     5   Next: 13%
Magic:  5/5        EV: 12    Int:  7    God:    Trog [**....]
Gold:   117        SH:  0    Dex: 10    Spells: 4/4 levels left

rFire    . . .     SeeInvis .   a - +1 falchion
rCold    . . .     Gourm    .   (no shield)
rNeg     . . .     Faith    .   (armour unavailable)
rPois    .         Spirit   .   c - +1 hat
rElec    .         Reflect  .   (no cloak)
rCorr    .         Harm     .   (no gloves)
MR       .....                  l - +0 pair of boots
Stlth    +.........             (no amulet)
HPRegen  0.16/turn              (no ring)
MPRegen  0.09/turn              (no ring)

@: mighty, brilliant, about to teleport
A: unfitting armour, cold-blooded, AC +5
a: Berserk, Trog's Hand, Renounce Religion


You were on level 3 of the Dungeon.
You worshipped Trog.
Trog was pleased with you.
You were hungry.

You visited 1 branch of the dungeon, and saw 3 of its levels.

You collected 117 gold pieces.

Inventory:

Hand Weapons
 a - a +1 falchion (weapon)
Armour
 c - a +1 hat (worn)
 l - a +0 pair of boots (worn)
Scrolls
 f - 2 scrolls of enchant weapon
 g - a scroll of teleportation
 j - 3 scrolls of remove curse
Comestibles
 b - a ration


   Skills:
 + Level 5.1 Fighting
 + Level 4.6 Long Blades
 - Level 2.6 Dodging


You had 4 spell levels left.
You didn't know any spells.
Your spell library was empty.

Dungeon Overview and Level Annotations

Branches:
Dungeon (3/15)

Altars:
Gozag
Kikubaaqudgha
Makhleb

Annotations:
D:2 2 transporters


Innate Abilities, Weirdness & Mutations

Your plain brown scales are hard. (AC +5)
You cannot fit into any form of body armour.
You are cold-blooded and may be slowed by cold attacks.


Message History

The gnoll hits you but does no damage. The gnoll hits you but does no damage.
The gnoll completely misses you. The gnoll hits you but does no damage.
The gnoll hits you but does no damage. The gnoll barely misses you.
The gnoll hits you but does no damage. The gnoll hits you but does no damage.
The gnoll barely misses you. The gnoll hits you but does no damage.
You feel less wooden.
Your +1 hat unmelds from your body.
Your +0 pair of boots unmelds from your body.
The gnoll hits you but does no damage.
The gnoll hits you from afar with a +0 spear.
* * * LOW HITPOINT WARNING * * *
As you read the scroll of teleportation, it crumbles to dust.
You feel strangely unstable.
The gnoll hits you from afar with a +0 spear!
You die...

.......#
#.....#
.......#
#.....#
...)...+
......#
.......#
#.....###
#.#'####
.........
#.#.#
#........
#.#.#
+g.......
#.#.#
#().%....
#.#.#######.
#@)..$...
..).........
+........
#.#...#####.
#........
#.#...#
+........
..#...#
#........
###...#
+........
......#
#........
....######
#####....
....+ ..#


You could see a gnoll.

Vanquished Creatures
  A hound (D:3)
  2 gnolls (D:3)
  2 adders (D:2)
  An ooze (D:2)
  2 worms
  A dart slug (D:1)
  3 leopard geckos
  An orc (D:3)
  8 bats
  6 giant cockroaches
  9 goblins
  7 hobgoblins
  5 jackals (D:2)
  A quokka (D:2)
  4 frilled lizards
  6 kobolds
  14 rats
73 creatures vanquished.

Notes
Turn   | Place    | Note
-------+----------+-------------------------------------------
     0 | D:1      | Faca the Draconian Berserker began the quest for the Orb.
     0 | D:1      | Reached XP level 1. HP: 19/19 MP: 1/1
   160 | D:1      | Reached XP level 2. HP: 18/26 MP: 2/2
   587 | D:1      | Reached skill level 4 in Fighting
   833 | D:1      | Reached XP level 3. HP: 33/33 MP: 3/3
  1007 | D:2      | Reached ** piety under Trog
  1092 | D:2      | Found a transporter.
  1100 | D:2      | Noticed a bullfrog
  1105 | D:2      | Noticed an ogre
  1434 | D:2      | Reached XP level 4. HP: 38/41 MP: 4/4
  1491 | D:2      | Found an ancient bone altar of Kikubaaqudgha.
  1493 | D:2      | Found an opulent altar of Gozag.
  1560 | D:2      | Found a transporter.
  1687 | D:3      | Found a burning altar of Makhleb.
  1906 | D:3      | Reached skill level 5 in Fighting
  1906 | D:3      | Reached XP level 5. HP: 10/48 MP: 5/5
  1937 | D:3      | Slain by a gnoll

Levels and vault maps discovered:
D:1:      dpeg_arrival_line_fractal, layout_loops_corners, hex_large
D:2:      layout_rooms, gammafunk_temple_overflow_arena
D:3:      layout_basic, old_standard_altar, first_ration,
          makhleb_blood_cavern_becter

Skill      XL: |  1  2  3  4 |
---------------+-------------+-----
Fighting       | 4 5 |  5.1
Long Blades    | 4 |  4.6
Dodging        | |  2.6

Action                   |  1- 3 |  4- 6 || total
-------------------------+-------+-------++-------
Melee: Falchion          |   129 |    55 ||   184
       Tailslap          |    16 |     4 ||    20
  Use: Scroll            |     2 |     6 ||     8
       Potion            |       |     5 ||     5
 Stab: Sleeping          |       |     1 ||     1
  Eat: Chunk             |     2 |     1 ||     3
Armor: Skin              |    60 |   100 ||   160
Dodge: Dodged            |    86 |    44 ||   130
       Rpst.: Falchion   |    33 |    11 ||    44

Table legend:
 A = Non-vault XP
 B = Vault XP
 C = Vault XP percentage of total XP
 D = Non-vault monster count
 E = Vault monster count
 F = Vault count percentage of total count
                 A         B        C        D         E       F
            +---------+---------+-------+---------+---------+-------
      Total |     181 |      40 |  18.1 |      72 |       1 |   1.4
            +---------+---------+-------+---------+---------+-------
        D:1 |      44 |       0 |   0.0 |      27 |       0 |   0.0
        D:2 |      86 |       0 |   0.0 |      33 |       0 |   0.0
        D:3 |      51 |      40 |  44.0 |      12 |       1 |   7.7
            +---------+---------+-------+---------+---------+-------
